 Dungeon Crawl Stone Soup version 0.22-a0-247-gbddf880 (webtiles) character file.

94 Serpenta the Sneak (level 4, -3/27 HPs)
             Began as an Octopode Ice Elementalist on Feb 25, 2018.
             Was an Initiate of Dithmenos.
             Slain by Terence
             ... wielding a +0 trident
              (9 damage)
             ... on level 3 of the Dungeon.
             The game lasted 00:03:38 (1977 turns).

Serpenta the Sneak (Octopode Ice Elementalist)      Turns: 1977, Time: 00:03:38

Health: -3/27      AC:  1    Str:  7    XL:     4   Next: 63%
Magic:  2/7        EV: 14    Int: 17    God:    Dithmenos [......]
Gold:   64         SH:  0    Dex: 13    Spells: 1/7 levels left

rFire    . . .     SeeInvis .   j - +0 dagger
rCold    . . .     Gourm    .   (no shield)
rNeg     . . .     Faith    .   (helmet restricted)
rPois    .         Spirit   .   (no amulet)
rElec    .         Reflect  .   (no ring)
rCorr    .         Harm     .   (no ring)
MR       .....                  (no ring)
Stlth    ++++......             (no ring)
HPRegen  0.09/turn              (no ring)
MPRegen  0.10/turn              (no ring)
                                (no ring)
                                (no ring)

@: no status effects
A: almost no armour, stealthy swim, amphibious, 8 rings, constrict 8, camouflage
1, gelatinous body 1
a: Renounce Religion


You were on level 3 of the Dungeon.
You worshipped Dithmenos.
Dithmenos was noncommittal.
You were hungry.

You visited 1 branch of the dungeon, and saw 3 of its levels.

You collected 64 gold pieces.


Innate Abilities, Weirdness & Mutations

You cannot wear most types of armour.
You are very stealthy in the water. (Stealth+)
You are amphibious.
You can wear up to eight rings at the same time.
You can use your tentacles to constrict eight enemies at once.
Your skin changes colour to match your surroundings (Stealth+).
Your rubbery body absorbs attacks. (AC +1, EV +1)


   Skills:
 + Level 3.1 Dodging
 + Level 4.4 Stealth
 - Level 2.0 Spellcasting
 - Level 1.0 Conjurations
 + Level 3.8 Ice Magic


You had one spell level left.
You knew the following spells:

 Your Spells              Type           Power        Failure   Level  Hunger
o - Ozocubu's Armour      Chrm/Ice       #.......     26%         3    ###....
A - Freeze                Ice            ##..         4%          1    #......
B - Throw Frost           Conj/Ice       ##....       11%         2    ###....

Action                   |  1- 3 |  4- 6 || total
-------------------------+-------+-------++-------
Melee: Unarmed           |    17 |       ||    17
       Constrict         |     5 |     2 ||     7
       Tentacles         |     5 |     1 ||     6
       Dagger            |     1 |    10 ||    11
 Cast: Freeze            |    36 |    11 ||    47
 Stab: Sleeping          |     2 |     2 ||     4
  Eat: Chunk             |     2 |     1 ||     3
Armor: Skin              |     7 |       ||     7
Dodge: Dodged            |    36 |    14 ||    50

Inventory:

Hand Weapons
 j - a +0 dagger (weapon)
Missiles
 e - a throwing net (quivered)
Scrolls
 b - 6 scrolls of identify {unknown}
 c - 2 scrolls of teleportation {unknown}
 h - 2 scrolls of amnesia {unknown}
 k - a scroll of blinking {unknown}
Potions
 d - a potion of curing
 f - a potion of heal wounds {unknown}
 g - a potion of might {unknown}
 i - a potion of mutation {unknown}
Comestibles
 a - 5 rations

.#. #.. .. .. ####.
#### #.... ..#
#...######.#
#......##.########
#...#.###..@O@......#
## ## ####.######.#
#.# #.# #.# ... #.#
._. #.#


You could see an ogre and Terence.

Vanquished Creatures
  Jessica (D:2)
  3 adders (D:2)
  An ooze (D:1)
  3 dart slugs
  A leopard gecko (D:1)
  5 bats
  A giant cockroach (D:1)
  A goblin (D:1)
  5 hobgoblins
  3 jackals (D:2)
  2 ball pythons (D:2)
  A frilled lizard (D:2)
  2 kobolds (D:2)
  3 rats
32 creatures vanquished.

Vault maps used:
D:1:      dpeg_arrival_orchard
D:2:      marbit_many_paths, uniq_jessica, uniq_crazy_yiuf_cottage, uniq_robin
D:3:      lemuel_crystal_altar, hangedman_decor_diamond_cutter,
          kennysheep_generic_room_10, uniq_terence


Message History

Casting: Freeze (safe; 4% risk of failure)
Confirm with . or Enter, or press ? or * to list all spells.
Aiming: Freeze (safe; 4% risk of failure)
Press: ? - help, Shift-Dir - straight line, f/p - ogre
Aim: an ogre, wielding a giant club (heavily wounded)
You freeze the ogre.
The ogre is severely wounded.
Casting: Freeze (safe; 4% risk of failure)
Confirm with . or Enter, or press ? or * to list all spells.
Aiming: Freeze (safe; 4% risk of failure)
Press: ? - help, Shift-Dir - straight line, f/p - ogre
Aim: an ogre, wielding a giant club (severely wounded)
You freeze the ogre.
The ogre is severely wounded.
The ogre barely misses you.
Terence shouts, "Get ready for death!"
There is a stone staircase leading up here.
The ogre misses you.
Terence hits you from afar with a trident!
You die...

Notes
Turn   | Place    | Note
-------+----------+-------------------------------------------
     0 | D:1      | Serpenta the Octopode Ice Elementalist began the quest for the Orb.
     0 | D:1      | Reached XP level 1. HP: 11/11 MP: 3/3
   331 | D:1      | Reached skill level 3 in Stealth
   441 | D:1      | Reached XP level 2. HP: 17/17 MP: 3/5
   942 | D:1      | Reached XP level 3. HP: 20/21 MP: 2/6
  1068 | D:2      | Noticed Robin
  1405 | D:2      | Reached skill level 4 in Stealth
  1462 | D:2      | Noticed Jessica
  1471 | D:2      | Killed Jessica
  1471 | D:2      | Reached XP level 4. HP: 27/27 MP: 2/7
  1476 | D:2      | Learned a level 2 spell: Throw Frost
  1480 | D:2      | Learned a level 3 spell: Ozocubu's Armour
  1636 | D:2      | Found a runed door.
  1815 | D:2      | Found a shadowy altar of Dithmenos.
  1819 | D:2      | Became a worshipper of Dithmenos the Shadowed
  1952 | D:3      | Found a stormy altar of Qazlal.
  1963 | D:3      | Noticed Terence
  1963 | D:3      | Noticed an ogre
  1977 | D:3      | Slain by Terence
